 Dungeon Crawl Stone Soup version 0.19-a0-518-g626ee58 (webtiles) character file.

16697 GlassEater the Fighter (level 12, -10/165 HPs)
             Began as a Minotaur Berserker on June 7, 2016.
             Was a High Priest of Trog.
             Mangled by an orc warrior
             ... wielding a +3 trident
             ... led by an orc warlord
              (21 damage)
             ... on level 2 of the Orcish Mines.
             The game lasted 00:31:13 (12279 turns).

GlassEater the Fighter (Minotaur Berserker)        Turns: 12279, Time: 00:31:14

Health: -10/165    AC: 17    Str: 32    XL:     12   Next: 12%
Magic:  3/3        EV: 20    Int:  4    God:    Trog [*****.]
Gold:   1514       SH:  7    Dex: 21    Spells: 0 memorised, 11 levels left

rFire  . . .     SeeInvis +     V - +5 morningstar (antimagic)
rCold  + . .     Gourm    .     y - +3 ring mail "Udima" {-Cast Dex+9}
rNeg   . . .     Faith    .     F - +0 buckler
rPois  +         Spirit   .     Q - +0 hat
rElec  .         Dismiss  .     r - +0 cloak
rCorr  .         Reflect  .     M - +0 pair of gloves of Coaniete {rC+ Dex+2}
SustAt .         Harm     .     o - +2 pair of boots
MR     ++...     NoCast   +     (no amulet)
Stlth  ..........               T - ring of poison resistance
                                e - ring of see invisible

@: berserking, regenerating, very quick, very resistant to hostile enchantments,
extremely unstealthy
A: retaliatory headbutt, horns 2
a: Berserk, Trog's Hand, Brothers in Arms, Burn Spellbooks, Renounce Religion


You were on level 2 of the Orcish Mines.
You worshipped Trog.
Trog was extremely pleased with you.
You were hungry.

You visited 2 branches of the dungeon, and saw 13 of its levels.

You collected 1760 gold pieces.
You spent 246 gold pieces at shops.

Inventory:

Hand Weapons
 V - a +5 antimagic morningstar (weapon)
Armour
 o - a +2 pair of boots (worn)
 r - a +0 cloak (worn)
 u - a +0 pair of gloves
 w - a +1 plate armour
 y - the +3 ring mail "Udima" (worn) {-Cast Dex+9}
   (You found it on level 4 of the Dungeon)

   It affects your dexterity (+9).
   It prevents spellcasting.
 F - a +0 buckler (worn)
 M - the +0 pair of gloves of Coaniete (worn) {rC+ Dex+2}
   (You found it on level 7 of the Dungeon)

   It affects your dexterity (+2).
   It protects you from cold.
 Q - a +0 hat (worn)
Jewellery
 e - a ring of see invisible (left hand)
 T - a ring of poison resistance (right hand)
Wands
 f - a wand of enslavement (16/24)
 A - a wand of iceblast (5/15)
 C - a wand of acid (4/15)
 D - a wand of slowing (22/48)
 I - a wand of polymorph (11/24)
 K - a wand of digging (12/24)
 N - a wand of flame (26/48)
 U - a wand of random effects (34/48)
Scrolls
 a - 3 scrolls of magic mapping
 q - 5 scrolls of teleportation
 H - 2 scrolls of remove curse
 O - a scroll of blinking
 R - 3 scrolls of recharging
 X - 3 scrolls of fear
Potions
 d - 3 potions of agility
 g - 2 potions of degeneration {unknown}
 h - 3 potions of berserk rage {unknown}
 i - 6 potions of curing
 j - 3 potions of lignification
 k - 3 potions of resistance
 n - 2 potions of cancellation {unknown}
 p - a potion of beneficial mutation {unknown}
 t - 2 potions of brilliance {unknown}
 v - 4 potions of flight
 B - a potion of haste {unknown}
 E - a potion of invisibility {unknown}
 G - a potion of might {unknown}
 L - 2 potions of heal wounds {unknown}
 P - a potion of cure mutation {unknown}
Comestibles
 b - 13 fruits
 c - 8 bread rations
 l - 3 beef jerkies
 m - 8 chunks of flesh
 s - 4 meat rations
 z - a royal jelly
 Y - 8 slices of pizza


   Skills:
 + Level 11.5 Fighting
   Level 5.6(8.6) Axes
 + Level 10.0(10.6) Maces & Flails
 + Level 11.4 Armour
 + Level 10.4 Dodging
 + Level 9.0 Shields


You had 11 spell levels left.
You didn't know any spells.

Dungeon Overview and Level Annotations

Branches:
Dungeon (11/15)            Temple (0/1) D:4            Lair (0/8) D:11
    Orc (2/2) D:10            Elf (0/3) Orc:2

Altars:
Dithmenos
Elyvilon
Fedhas
Hepliaklqana
Kikubaaqudgha
Makhleb
Okawaru
Pakellas
Ru
Trog
Vehumet
Xom
Yredelemnul
Zin
Beogh

Shops:
D:4 [   D:5 [?=   D:8 *   Orc:2 }


Innate Abilities, Weirdness & Mutations

You reflexively headbutt those who attack you in melee.
You have a pair of horns on your head.


Message History

* * * LOW HITPOINT WARNING * * *
You block the orc warrior's attack. The orc closely misses you.
The troll bites you but does no damage. The troll closely misses you.
The troll completely misses you. The orc misses you.
You hit the orc. You headbutt the orc.
You feel the power of Trog in you as your rage grows.
You kill the orc!
Trog accepts your kill.
The orc warrior no longer looks unusually strong.
The orc warrior completely misses you. The orc warrior misses you.
The orc warrior hits you but does no damage.
The orc completely misses you. The orc warrior completely misses you.
You closely miss the troll. The troll bites you.
* * * LOW HITPOINT WARNING * * *
You block the troll's attack. The troll closely misses you.
The orc warrior completely misses you.
You sock the troll! You headbutt the troll!
The troll is heavily wounded.
The orc warrior hits you from afar with an enchanted trident!!
You die...

##........##
#........##
##.#.....#
###...### ##...#
##..### #(.((##
##....####.###
#....)@)oTo...
#.....oTooo....
#........o.....
..#.#......o....
.................
..##.#...........
#.........#...
....#.....$#..


You could see 2 trolls, 5 orc warriors and 3 orcs.

Vanquished Creatures
  An orc warlord (Orc:2)
  Erolcha (D:8)
  The ghost of tornocean the Brawler, a journeyman TrBe of Trog (D:11)
  The ghost of razgard the Basher, a journeyman DsFi of Hepliaklqana (D:10)
  2 hydras
  An unseen horror (D:10)
  A hill giant (D:9)
  2 orc knights (Orc:1)
  A manticore (D:11)
  The ghost of Nyaaners the Cudgeler, a novice VSAK of Lugonu (D:4)
  2 trolls
  2 two-headed ogres
  A spriggan (D:11)
  A wyvern (D:9)
  A wraith (D:11)
  6 yaks
  A steam dragon (D:11)
  The ghost of razgard the Poker, an amateur MfSk (D:3)
  A mottled dragon (D:9)
  A hungry ghost (D:4)
  Menkaure (D:7)
  3 wargs
  A water moccasin (D:11)
  Purgy (D:3)
  2 eyes of draining (D:9)
  14 orc warriors
  4 sky beasts
  8 centaurs
  7 ogres
  3 phantoms
  A crocodile (D:11)
  A big kobold (D:8)
  8 giant frogs
  A water moccasin zombie (D:6)
  A wyvern skeleton (D:9)
  2 scorpions (D:5)
  7 wights
  An electric eel (D:6)
  A howler monkey (D:5)
  3 vampire bats (D:6)
  7 crimson imps
  A giant frog zombie (D:8)
  2 jellies
  5 orc priests
  2 hounds
  Crazy Yiuf (D:2)
  A centaur skeleton (D:6)
  5 iguanas
  13 orc wizards
  Jessica (D:3)
  Natasha (thrice) (D:3)
  7 worker ants
  A killer bee zombie (D:9)
  A hound zombie (D:7)
  2 hound skeletons (D:10)
  3 gnolls (Orc:2)
  14 adders
  A howler monkey skeleton (D:5)
  An ooze (D:5)
  3 worms
  12 dart slugs
  4 giant geckos
  43 orcs
  3 bat skeletons (D:6)
  3 bat zombies (D:6)
  4 giant cockroaches
  9 goblins
  8 hobgoblins
  A jackal (D:6)
  9 quokkas
  11 bats
  A giant gecko zombie (D:6)
  5 giant newts
  2 gnoll zombies (D:9)
  A jackal skeleton (D:6)
  A jackal zombie (D:8)
  11 kobolds
  2 quokka skeletons
  A quokka zombie (D:7)
  10 rats
314 creatures vanquished.

Notes
Turn   | Place    | Note
--------------------------------------------------------------
     0 | D:1      | GlassEater the Minotaur Berserker began the quest for the Orb.
     0 | D:1      | Reached XP level 1. HP: 19/19 MP: 0/0
    98 | D:1      | Reached XP level 2. HP: 18/27 MP: 1/1
   440 | D:1      | Reached ** piety under Trog
   718 | D:1      | Reached XP level 3. HP: 33/33 MP: 2/2
   830 | D:2      | Found a shadowy altar of Dithmenos.
  1123 | D:2      | Found a sacrificial altar of Ru.
  1123 | D:2      | Found a glowing silver altar of Zin.
  1284 | D:2      | Reached XP level 4. HP: 31/40 MP: 3/3
  1706 | D:2      | Noticed Crazy Yiuf
  1711 | D:2      | Killed Crazy Yiuf
  2326 | D:3      | Noticed Natasha
  2334 | D:3      | Reached *** piety under Trog
  2340 | D:3      | Killed Natasha
  2340 | D:3      | Reached XP level 5. HP: 7/47 MP: 4/4
  2444 | D:3      | Noticed Natasha
  2452 | D:3      | Killed Natasha
  2934 | D:3      | Reached skill level 5 in Axes
  3070 | D:3      | Reached XP level 6. HP: 55/55 MP: 5/5
  3088 | D:3      | Noticed Natasha
  3095 | D:3      | Killed Natasha
  3095 | D:3      | Reached skill level 5 in Fighting
  3132 | D:3      | Found a hazy altar of Hepliaklqana.
  3169 | D:3      | Noticed razgard's ghost (amateur MfSk)
  3176 | D:3      | Killed razgard's ghost
  3176 | D:3      | Reached skill level 5 in Armour
  3204 | D:3      | Noticed Purgy
  3214 | D:3      | Killed Purgy
  3214 | D:3      | Reached XP level 7. HP: 47/61 MP: 6/6
  3290 | D:3      | Noticed Jessica
  3295 | D:3      | Killed Jessica
  3661 | D:4      | Noticed a hungry ghost
  3671 | D:4      | Killed a hungry ghost
  3671 | D:4      | Reached skill level 1 in Maces & Flails
  3671 | D:4      | Reached skill level 5 in Dodging
  3825 | D:4      | Noticed Nyaaners's ghost (novice VSAK)
  3836 | D:4      | Killed Nyaaners's ghost
  3836 | D:4      | Reached XP level 8. HP: 40/71 MP: 7/7
  4369 | D:4      | Got a transparent ring mail
  4372 | D:4      | Reached **** piety under Trog
  4428 | D:4      | Identified the +3 ring mail "Udima" {-Cast Dex+9} (You found it on level 4 of the Dungeon)
  4546 | D:4      | Found Edonil's Antique Armour Boutique.
  4552 | D:4      | Bought a pair of runed boots for 94 gold pieces
  4552 | D:4      | Bought a pair of gloves for 94 gold pieces
  4573 | D:4      | Found a staircase to the Ecumenical Temple.
  4684 | D:4      | Found a blossoming altar of Fedhas.
  4731 | D:5      | Entered Level 5 of the Dungeon
  4762 | D:5      | Found a radiant altar of Vehumet.
  5173 | D:5      | Found Sununt's Jewellery Shoppe.
  5235 | D:5      | Found Orghy's Armour Shop.
  5264 | D:5      | Bought a +0 buckler for 58 gold pieces
  5378 | D:5      | Found Hipsuthrosa's Magic Scroll Shop.
  5486 | D:5      | Identified a scroll of acquirement
  5489 | D:5      | Got a polished scale mail
  5500 | D:5      | Identified the +0 scale mail "Dyveffoa" {Dex+2} (You acquired it on level 5 of the Dungeon)
  5598 | D:6      | Found a shimmering altar of Xom.
  5611 | D:6      | Reached skill level 1 in Shields
  5789 | D:6      | Reached skill level 5 in Maces & Flails
  5814 | D:6      | Reached ***** piety under Trog
  5858 | D:6      | Reached XP level 9. HP: 80/80 MP: 8/8
  6366 | D:6      | Found an ancient bone altar of Kikubaaqudgha.
  6467 | D:7      | Found an iron altar of Okawaru.
  6489 | D:7      | Found a burning altar of Makhleb.
  6711 | D:7      | Found a white marble altar of Elyvilon.
  6716 | D:7      | Noticed Menkaure
  6717 | D:7      | Got a pair of steaming gloves
  6729 | D:7      | Killed Menkaure
  6737 | D:7      | Identified the cursed +0 pair of gloves of Coaniete {rC+ Dex+2} (You found it on level 7 of the Dungeon)
  7363 | D:8      | Found a sacrificial altar of Ru.
  7528 | D:8      | Found Xuicotio's General Store.
  7675 | D:8      | Noticed Erolcha
  7682 | D:8      | Killed Erolcha
  7713 | D:8      | Found an oddly glowing altar of Pakellas.
  7769 | D:8      | Reached XP level 10. HP: 78/91 MP: 9/9
  7880 | D:9      | Noticed an eight-headed hydra
  7897 | D:9      | Killed an eight-headed hydra
  7897 | D:9      | Reached skill level 5 in Shields
  8253 | D:9      | Noticed a hill giant
  8266 | D:9      | Killed a hill giant
  8873 | D:9      | Found a bloodstained altar of Trog.
  8886 | D:9      | Received a gift from Trog
  9146 | D:9      | Found a basalt altar of Yredelemnul.
  9310 | D:9      | Reached skill level 10 in Fighting
  9423 | D:10     | Entered Level 10 of the Dungeon
  9508 | D:10     | Noticed razgard's ghost (journeyman DsFi)
  9522 | D:10     | Killed razgard's ghost
  9522 | D:10     | Reached XP level 11. HP: 79/99 MP: 3/10
  9747 | D:10     | Noticed an unseen horror
  9752 | D:10     | Killed an unseen horror
  9752 | D:10     | Reached skill level 10 in Armour
  9760 | D:10     | Found a staircase to the Orcish Mines.
 10138 | D:11     | Noticed a five-headed hydra
 10146 | D:11     | Killed a five-headed hydra
 10319 | D:11     | Found a staircase to the Lair.
 10557 | D:11     | Noticed tornocean's ghost (journeyman TrBe)
 10612 | D:11     | Killed tornocean's ghost
 11170 | D:11     | Reached skill level 10 in Dodging
 11324 | Orc:1    | Entered Level 1 of the Orcish Mines
 11324 | Orc:1    | Noticed an orc knight
 11324 | Orc:1    | Noticed an orc knight
 11333 | Orc:1    | Killed an orc knight
 11346 | Orc:1    | Received a gift from Trog
 11361 | Orc:1    | Killed an orc knight
 11985 | Orc:2    | Entered Level 2 of the Orcish Mines
 12132 | Orc:2    | Found a roughly hewn altar of Beogh.
 12170 | Orc:2    | Found a staircase to the Elven Halls.
 12170 | Orc:2    | Found Zaeps's Gadget Boutique.
 12258 | Orc:2    | Noticed an orc warlord
 12269 | Orc:2    | Reached XP level 12. HP: 107/110 MP: 3/11
 12275 | Orc:2    | Killed an orc warlord
 12275 | Orc:2    | Reached skill level 10 in Maces & Flails
 12279 | Orc:2    | Mangled by an orc warrior

Vault maps used:
D:1:      dpeg_arrival_rooms_c, minivault_4, st_stairs_8
D:2:      gammafunk_temple_overflow_wave, grunt_dithmenos_smoke_and_mirrors,
          uniq_crazy_yiuf_cottage
D:3:      lemuel_crystal_altar, uniq_purgy, uniq_jessica, uniq_natasha
D:4:      marbit_many_paths, temple_statues, first_bread, serial_shops,
          shop_fountains
D:5:      overflow_temple_1_default, serial_shops, shop_statue,
          nicolae_shop_crystal, shop
D:6:      kennysheep_slugbush, kennysheep_vampire_church, old_standard_altar,
          hangedman_abyss_or_decor_lesser_grid
D:7:      lemuel_crystal_altar, okawaru_gym_becter, overflow_temple_1_default,
          uniq_menkaure
D:8:      grunt_pakellas_basics, serial_shops, kennysheep_little_box,
          basic_altar, uniq_erolcha
D:9:      trog_eyes_of_draining, lemuel_zombie_altar_yredelemnul
D:10:     david_orc_2
D:11:     lair_0_dummy, grunt_pizzeria
Orc:1:    serial_shops
Orc:2:    grunt_orc_community_town_hall, grunt_orc_community_big_house_1,
          grunt_orc_community_big_house_1, grunt_orc_community_house_3,
          grunt_orc_community_house_1, grunt_orc_community_house_2,
          grunt_orc_community_house_3, grunt_orc_community_house_1,
          serial_shops, nicolae_shop_waterfront, abandoned_shop, mines4_lemuel

Skill      XL: |  1  2  3  4  5  6  7  8  9 10 11 12 |
---------------+-------------------------------------+-----
Armour         | 3 4 5 6 7 8 9 11 | 11.4
Dodging        | 3 4 5 6 8 9 10 | 10.4
Fighting       | 4 5 6 7 9 10 11 | 11.5
Axes           | 4 5 |  5.6
Maces & Flails | 2 5 6 8 9 10 | 10.0
Shields        | 1 4 6 8 9 |  9.0

Action                   |  1- 3 |  4- 6 |  7- 9 | 10-12 || total
-------------------------+-------+-------+-------+-------++-------
Melee: Hand axe          |    61 |   109 |     2 |       ||   172
       Headbutt          |    10 |    21 |    67 |   108 ||   206
       Club              |       |       |   248 |   109 ||   357
       Morningstar       |       |       |       |   210 ||   210
Invok: Berserk           |       |     3 |     2 |     5 ||    10
       Burn Spellbooks   |       |       |       |     3 ||     3
       Trog's Hand       |       |       |       |     4 ||     4
       Brothers in Arms  |       |       |       |     1 ||     1
  Use: Scroll            |       |       |    22 |     3 ||    25
       Potion            |       |       |       |     1 ||     1
 Stab: Sleeping          |       |     1 |     2 |     1 ||     4
  Eat: Chunk             |     1 |     9 |    15 |    20 ||    45
       Bread ration      |       |       |     1 |       ||     1
Armor: Animal skin       |    17 |     9 |       |       ||    26
       Ring mail         |       |    21 |    55 |    91 ||   167
Dodge: Dodged            |    62 |    73 |   182 |   306 ||   623
Block: Buckler           |       |       |    22 |   132 ||   154
